AoeStats
← athmaniac

Black Forest

503199833Analyzed
4v4 RM · 2mo ago on Aug 30, 2026· 58m 33s· 8 players
Game mode
Random Map
Map size
Large (8 player)
Population
200
Speed
Normal
Resources
Standard
Victory
Conquest
Starting age
Dark Age
Ending age
Imperial Age
RankedLock teamsTeams togetherTeam positionsShared explorationLock speedFull tech treeHidden civsTurbo modeCheats
Victory
Defeat
🇪🇬 Inca · Egypt
620
+6
🇧🇷 Huns · Brazil
610
+7
🇸🇪 Bohemians · Sweden
595
+7
🇨🇴 Burmese · Colombia
533
+9
vs
🇬🇧 Byzantines · United Kingdom
409
-8
🇫🇷 Georgians · France
385
-8
🇹🇷 Lithuanians · Türkiye
375
-7
🇪🇸 Khmer · Spain
339
-6
Nurbayim
0:57 Loom
16:28 Feudal Age
18:10 Wheelbarrow
18:19 Wheelbarrow
22:52 Double-Bit Axe
22:53 Horse Collar
31:01 Castle Age
32:32 Light Cavalry
34:21 Husbandry
34:32 Bloodlines
34:35 Scale Barding Armor
34:23 Fletching
37:10 Bodkin Arrow
athmaniac
1:56 Loom
12:52 Feudal Age
18:44 Castle Age
18:50 Castle Age
17:45 Double-Bit Axe
17:43 Horse Collar
18:24 Stone Mining
20:07 Bow Saw
23:31 Fervor
24:01 Gold Mining
27:44 Stone Shaft Mining
31:08 Wheelbarrow
30:38 Heavy Plow
33:35 Imperial Age
31:16 Treadmill Crane
31:33 Murder Holes
31:55 Scale Barding Armor
32:01 Forging
33:45 Chain Barding Armor
34:02 Iron Casting
34:48 Caravan
36:15 Chemistry
36:39 Plate Barding Armor
35:55 Fletching
36:06 Scale Mail Armor
36:07 Padded Archer Armor
35:44 Pikeman
36:24 Squires
36:11 Arson
36:57 Conscription
36:48 Logistica
36:24 Halberdier
38:44 Crop Rotation
39:13 Chain Mail Armor
38:53 Bodkin Arrow
38:35 Elite Cataphract
41:43 Ballistics
42:57 Two-Man Saw
42:37 Plate Mail Armor
43:46 Leather Archer Armor
43:31 Bracer
44:58 Bombard Tower
47:00 Gold Shaft Mining
48:16 Ring Archer Armor
49:04 Guard Tower
49:25 Fortified Wall
49:01 Arrowslits
50:02 Man-at-Arms
50:27 Gambesons
53:29 Long Swordsman
55:39 Two-Handed Swordsman
Pipy_Skunk
13:48 Feudal Age
19:06 Castle Age
18:58 Horse Collar
19:07 Double-Bit Axe
19:16 Gold Mining
19:31 Stone Mining
20:18 Heavy Plow
22:05 Wheelbarrow
22:34 Bow Saw
27:55 Stone Shaft Mining
27:58 Gold Shaft Mining
32:59 Imperial Age
30:51 Hand Cart
30:19 Light Cavalry
32:53 Bloodlines
37:40 Pikeman
40:39 Halberdier
45:50 Hussar
57:24 Heavy Scorpion
ScorpionDent408
0:30 Loom
0:36 Loom
14:13 Feudal Age
15:39 Wheelbarrow
14:51 Town Watch
15:56 Double-Bit Axe
16:08 Horse Collar
21:14 Gold Mining
30:42 Castle Age
32:10 Pikeman
33:02 Scale Barding Armor
33:09 Forging
33:12 Bloodlines
33:03 Husbandry
33:58 Hand Cart
35:42 Heavy Plow
35:55 Bow Saw
35:46 Stone Mining
Tayssa09
13:42 Feudal Age
16:16 Horse Collar
16:28 Double-Bit Axe
19:37 Castle Age
20:04 Gold Mining
20:25 Scale Barding Armor
22:30 Stone Mining
23:15 Gold Shaft Mining
28:49 Imperial Age
28:14 Heavy Plow
29:07 Marauders
29:48 Chain Barding Armor
31:11 Wheelbarrow
33:45 Hand Cart
36:34 Elite Tarkan
38:30 Plate Barding Armor
39:42 Atheism
43:35 Scale Mail Armor
43:46 Forging
45:33 Chain Mail Armor
45:53 Iron Casting
45:13 Pikeman
45:53 Squires
45:59 Padded Archer Armor
45:53 Loom
45:55 Town Watch
46:17 Caravan
46:49 Bow Saw
46:05 Halberdier
50:56 Blast Furnace
quitianalejandra
8:55 Loom
19:54 Feudal Age
22:51 Horse Collar
25:21 Town Watch
28:32 Wheelbarrow
28:29 Gold Mining
30:34 Stone Mining
35:20 Castle Age
33:16 Man-at-Arms
33:42 Arson
36:20 Fletching
36:30 Padded Archer Armor
36:31 Scale Mail Armor
36:36 Scale Barding Armor
36:51 Long Swordsman
36:51 Pikeman
37:17 Gambesons
37:38 Heavy Plow
40:48 Gold Shaft Mining
45:26 Pikeman
46:06 Squires
46:33 Forging
46:39 Chain Mail Armor
46:44 Chain Barding Armor
48:42 Town Patrol
48:58 Hand Cart
50:06 Bodkin Arrow
50:46 Iron Casting
53:58 Caravan
54:28 Coinage
55:50 Ballistics
55:20 Guard Tower
55:41 Fortified Wall
55:21 Heated Shot
55:11 Treadmill Crane
55:27 Murder Holes
55:42 Clinker Construction
55:42 Careening
55:43 Masonry
55:51 Fervor
55:42 Atonement
55:42 Devotion
56:03 Sanctity
55:53 Redemption
55:39 Herbal Medicine
Over And Above
11:06 Feudal Age
15:58 Wheelbarrow
15:52 Double-Bit Axe
20:35 Castle Age
21:50 Hand Cart
28:10 Bow Saw
29:03 Caravan
29:33 Horse Collar
33:07 Heavy Plow
34:31 Fervor
40:34 Imperial Age
41:20 Ballistics
42:00 Chemistry
41:11 Fortified Wall
40:57 Murder Holes
41:13 Masonry
40:53 Treadmill Crane
41:31 Masonry
41:27 Siege Engineers
41:18 Murder Holes
41:33 Fortified Wall
41:44 Ballistics
42:25 Chemistry
44:02 Two-Man Saw
45:41 Fletching
45:51 Padded Archer Armor
46:35 Forging
46:25 Scale Mail Armor
46:21 Bodkin Arrow
47:38 Architecture
47:44 Bombard Tower
46:48 Houfnice
48:56 Loom
48:59 Town Watch
48:43 Pikeman
49:25 Squires
49:16 Arson
49:40 Squires
49:27 Arson
50:37 Conscription
52:05 Iron Casting
51:45 Chain Mail Armor
51:35 Scale Barding Armor
51:33 Bracer
51:49 Leather Archer Armor
51:19 Halberdier
mfouad134
13:08 Feudal Age
13:36 Double-Bit Axe
13:32 Horse Collar
15:10 Wheelbarrow
19:01 Castle Age
19:20 Forging
20:01 Bow Saw
19:51 Heavy Plow
19:43 Gold Mining
20:42 Hand Cart
22:18 Scale Mail Armor
23:53 Chain Mail Armor
26:53 Loom
27:15 Caravan
28:13 Iron Casting
28:04 Squires
31:44 Imperial Age
29:07 Treadmill Crane
28:55 Champi Runner
30:09 Town Watch
30:18 Stone Mining
30:14 Champi Warrior
30:44 Arson
32:02 Elite Champi Warrior
33:06 Conscription
34:15 Plate Mail Armor
34:46 Blast Furnace
34:12 Ballistics
36:28 Chemistry
37:01 Crop Rotation
37:16 Fabric Shields
38:57 Gold Shaft Mining
38:55 Town Patrol
41:00 Fortified Wall
42:35 Siege Engineers
42:42 Masonry
44:32 Pikeman
47:29 Halberdier
56:41 Hoardings
Connection lost

Rejoining the realm…

Still unreachable

The connection could not be restored.

Session expired

The server has moved on; the page needs a fresh start.